 Dungeon Crawl Stone Soup version 0.31-a0-210-gccc998df9b (webtiles) character file.

Game seed: 12673034321694175799

439484 olmar the Impregnable (level 23, -18/222 (235) HPs)
             Began as an Armataur Fighter on June 28, 2023.
             Was an Initiate of Gozag.
             Blown up by a lich (99 damage)
             ... with an orb of destruction
             ... on level 6 of the Abyss on July 1, 2023.
             The game lasted 01:40:41 (49863 turns).

olmar the Impregnable (Armataur Fighter)           Turns: 49863, Time: 01:40:41

HP:   -18/222 (235) AC: 43    Str: 40    XL:     23   Next: 25%
MP:   0/23          EV:  4    Int:  8    God:    Gozag
Gold: 4790          SH: 15    Dex: 10    Spells: 22/22 levels left

rFire   + + .        d - +7 sceptre of Torment {pain, torment}
rCold   + . .        K - +0 tower shield
rNeg    + . .        v - +0 gold dragon scales
rPois   +            h - +0 helmet
rElec   +            Z - scarf {repulsion}
rCorr   +            Y - +2 pair of gloves
SInv    .            U - +6 lightning scales {swift, rElec}
Will    +....        i - amulet "Oluotwin" {Spirit Contam rElec Regen+ Str+5} Stlth
                     F - ring of Roimirph {rPois rC- rN+ rCorr Stlth+}
HPRegen 1.37/turn    V - +6 ring of strength
MPRegen 0.18/turn

%: repel missiles, guardian spirit, roll
@: mighty, resistant, studying Necromancy, drained, unable to read, quick
A: large, rugged brown scales 3, deformed body, armoured tail, roll, long
tongue, awkward tongue, dopey 1, weak 1, no potion heal 1, subdued magic 2,
inability to read after injury 1
}: 1/15 runes: barnacled
a: Renounce Religion, Potion Petition, Call Merchant, Bribe Branch


You were on level 6 of the Abyss.
You worshipped Gozag.
Gozag was most pleased with you.
You visited 10 branches of the dungeon, and saw 42 of its levels.
You visited the Abyss 2 times.
You also visited: Bailey.

You collected 18151 gold pieces.
You spent 8309 gold pieces at shops.
You paid 5052 gold pieces to Gozag.

Inventory:

Hand Weapons
 d - the +7 sceptre of Torment (weapon) {pain, torment}
   (You bought it in a shop on level 4 of the Shoals)
Armour
 f - a +1 cloak of preservation
 h - a +0 helmet (worn)
 v - +0 gold dragon scales (worn)
 K - a +0 tower shield (worn)
 U - the +6 lightning scales (worn) {swift, rElec}
   (You found it on level 13 of the Dungeon)

   Swift:     It allows the wearer to cover ground more swiftly.
   rElec:     It insulates you from electricity.
 Y - a +2 pair of gloves (worn)
 Z - a scarf of repulsion (worn)
Jewellery
 c - a ring of protection from fire
 i - the amulet "Oluotwin" (around neck) {Spirit Contam rElec Regen+ Str+5}
   (You bought it in a shop on level 1 of the Depths)

   [amulet of guardian spirit]

   It causes incoming damage to be divided between your reserves of health and
   magic.
   Str:       It affects your strength (+5).
   rElec:     It insulates you from electricity.
   Contam:    It causes magical contamination when unequipped.
   Regen:     It increases your rate of health regeneration.
 y - a ring of positive energy
 F - the ring of Roimirph (left hand) {rPois rC- rN+ rCorr Stlth+}
   (You acquired it on level 2 of the Orcish Mines)

   [ring of poison resistance]

   rC:        It makes you vulnerable to cold.
   rPois:     It protects you from poison.
   rN:        It protects you from negative energy.
   rCorr:     It protects you from acid and corrosion.
   Stlth:     It makes you more stealthy.
 J - the ring of Bacoung {rC+++ MP+9 Str-3 Int+4 Dex-4}
   (You found it on level 5 of the Lair of Beasts)

   [ring of magical power]

   Str:       It affects your strength (-3).
   Int:       It affects your intelligence (+4).
   Dex:       It affects your dexterity (-4).
   rC:        It renders you almost immune to cold.
   MP:        It affects your magic capacity (+9).
 V - a +6 ring of strength (right hand)
Wands
 a - a wand of acid (4) (quivered)
 q - a wand of iceblast (14)
 t - a wand of polymorph (7)
 D - a wand of charming (5)
 P - a wand of flame (34)
 W - a wand of digging (13)
 X - a wand of mindburst (6)
Scrolls
 e - a scroll of butterflies
 j - 11 scrolls of enchant armour
 l - 6 scrolls of silence
 n - 2 scrolls of teleportation
 o - 8 scrolls of fear
 p - 4 scrolls of blinking
 r - 6 scrolls of poison
 u - a scroll of brand weapon
 w - a scroll of fog
 A - 27 scrolls of identify
 B - 9 scrolls of enchant weapon
 C - 7 scrolls of revelation
Potions
 b - 9 potions of magic
 k - 3 potions of cancellation
 m - a potion of berserk rage
 s - 10 potions of mutation
 z - 4 potions of enlightenment
 G - 10 potions of attraction
 I - 10 potions of lignification
 M - 5 potions of brilliance
 N - 8 potions of might
 Q - 10 potions of haste
 R - 4 potions of resistance
 S - 3 potions of curing
 T - 2 potions of degeneration
Miscellaneous
 x - a box of beasts (inert)
 H - a phial of floods


   Skills:
 + Level 21.0 Fighting
 + Level 21.8 Maces & Flails
 - Level 0.4 Throwing
 + Level 25.4 Armour
 + Level 3.7 Dodging
 - Level 0.8 Stealth
 + Level 10.9 Shields
 + Level 1.2 Unarmed Combat
 * Level 5.4 Necromancy
 + Level 6.8 Evocations


You had 22 spell levels left.
You didn't know any spells.
Your spell library contained the following spells:

 Spells                   Type           Power      Damage    Failure   Level
 Cigotuvi's Dreadful Rot  Necr/Pois/Air  2%         N/A       92%         2
 Magic Dart               Conj           0%         1d3       97%         1
 Sandblast                Erth           0%         2d4       97%         1
 Sting                    Tmut/Pois      0%         1d3       97%         1
 Momentum Strike          Conj/Tloc      0%         3d8       99%         2
 Passwall                 Tmut/Erth      0%         N/A       99%         2
 Poisonous Vapours        Pois/Air       0%         N/A       99%         2
 Scorch                   Fire           0%         2d5       99%         2
 Searing Ray              Conj           0%         2d4       99%         2
 Static Discharge         Conj/Air       0%         2-2/arc   99%         2
 Ignite Poison            Fire/Tmut/Pois 0%         N/A       100%        3
 Ozocubu's Armour         Ice            0%         N/A       100%        3
 Portal Projectile        Hex/Tloc       0%         N/A       100%        3
 Spider Form              Tmut/Pois      0%         N/A       100%        3
 Stone Arrow              Conj/Erth      0%         3d7       100%        3
 Tukima's Dance           Hex            0%         N/A       100%        3
 Vhi's Electric Charge    Tloc/Air       0%         N/A       100%        3
 Airstrike                Air            0%         2d(0-16)  100%        4
 Animate Armour           Summ/Erth      0%         N/A       100%        4
 Flame Wave               Conj/Fire      0%         2d4       100%        4
 Fulminant Prism          Conj/Hex       0%         3d5       100%        4
 Olgreb's Toxic Radiance  Pois           0%         N/A       100%        4
 Passage of Golubria      Tloc           0%         N/A       100%        4
 Summon Lightning Spire   Summ/Air       0%         N/A       100%        4
 Arcjolt                  Conj/Air       0%         1d10      100%        5
 Blade Hands              Tmut           0%         N/A       100%        5
 Freezing Cloud           Conj/Ice/Air   0%         6-21      100%        5
 Iskenderun's Battlesphe  Conj           0%         2d6       100%        5
 Silence                  Hex/Air        0%         N/A       100%        5
 Summon Forest            Summ/Tloc      0%         N/A       100%        5
 Yara's Violent Unravell  Hex/Tmut       0%         3d3       100%        5
 Dispersal                Tloc           0%         N/A       100%        6
 Eringya's Noxious Bog    Tmut/Pois      0%         N/A       100%        6
 Leda's Unmaking          Conj/Erth      0%         9d1       100%        6
 Plasma Beam              Fire/Air       0%         2x1d10    100%        6
 Summon Cactus Giant      Summ           0%         N/A       100%        6
 Ozocubu's Refrigeration  Ice            0%         4d7       100%        7
 Spellforged Servitor     Conj/Summ      0%         N/A       100%        7
 Summon Hydra             Summ           0%         N/A       100%        7
 Lehudib's Crystal Spear  Conj/Erth      0%         10d2      100%        8
 Maxwell's Capacitive Co  Air            0%         ∞         100%        8
 Necromutation            Tmut/Necr      1%         N/A       100%        8
 Simulacrum               Ice/Necr       Unusable   N/A       N/A         6

Dungeon Overview and Level Annotations

Branches:
Dungeon (15/15)            Temple (1/1) D:4            Lair (5/5) D:8
 Shoals (4/4) Lair:3       Spider (3/4) Lair:2        Slime (1/5) Lair:5
    Orc (2/2) D:11            Elf (3/3) Orc:2        Vaults (4/5) D:14
  Crypt (0/3) Vaults:3     Depths (4/4) D:15            Zot (0/5) Depths:4
 Bailey (visited)

Altars:
Ashenzari
Cheibriados
Dithmenos
Elyvilon
Fedhas
Gozag
Hepliaklqana
Kikubaaqudgha
Makhleb
Nemelex Xobeh
Okawaru
Qazlal
Ru
Sif Muna
Trog
Uskayaw
Vehumet
Wu Jian
Xom
Yredelemnul
Zin
The Shining One
Lugonu

Shops:
D:11 (   D:12 [   D:13 ::?!   Orc:2 (==?!   Elf:1 =   Elf:2 *(   Elf:3 !
Shoals:2 =   Shoals:4 [((   Vaults:2 =   Depths:1 =   Depths:2 ?   Depths:3 =:=
Depths:4 *

Portals:
Hell: Depths:1 Depths:2 Depths:3 Depths:4
Abyss: Depths:2 Depths:3
Pandemonium: Orc:2 Depths:2
Ziggurat: Depths:1
Trove: D:12 (give horn of Geryon)

Annotations:
D:4 1 transporter, Warped's ghost, amateur FeFE
D:15 2 transporters, exclusion: obsidian statue, Bekuax's ghost, journeyman DgVM
Depths:2 2 transporters, Tourr's ghost, veteran HuIE


Innate Abilities, Weirdness & Mutations

You are completely covered in rugged brown scales. (AC +3, +7% HP)
Armour fits poorly on your strangely shaped body.
You have a long armoured tail.
You roll when moving toward enemies. (Rampage)
Your long tongue fully drains potion bottles. (2x potion effects)
Your tongue gives you trouble enunciating. (1.5x scroll delay)
You are dopey. (Int -2)
You are weak. (Str -2)
Potions are less effective at restoring your health.
Your spells are easier to cast, but less powerful.
You occasionally lose the ability to read scrolls when taking damage.


Message History

Unknown command.
Blink to where?
Press: ? - help, Dir - move target As you slowly read the scroll of blinking, it crumbles to dust.
Unknown command.
The thrashing horror roars!
You hear a roar!
Unknown command.
The thrashing horror roars!
You hear a roar!
Found two runelights.
The thrashing horror roars!
The thrashing horror roars!
Your system partially rejects the healing.
You feel better.
You slurp down every last drop of the potion of curing!
Your system partially rejects the healing.
You feel better.
You slurp down every last drop of the potion of curing!
You flicker for a moment.
Found two runelights.
A lich comes into view.
The lich shouts!
The lich casts a spell.
The lich flickers and vanishes!
Deactivating autopickup; reactivate with Ctrl-A.
The abyss shimmers again as the detected abyssal rune vanishes from your memory and reappears.
You flicker back into view.
You hear some strange, mumbled words.
Tentacles burst from the starspawn's body! 2 starspawn tentacles come into view.
Unknown command.
A tentacled starspawn comes into view.
Unknown command.
Something conjures a glowing orb.
An orb of destruction comes into view.
Something touches you but does no damage.
Unknown command.
A tentacled monstrosity comes into view.
The orb of destruction hits you!!!!
You feel threatened and lose the ability to read scrolls!
You die...

#. .####.# ...§
u#...#..#
..#§#####X#.#....#
#.....~~~.......#
.##......~#.....#.#
........~........#
......ΛΛ○{......#..
.....│/ww☼☼@......X
#..XX...##...##..
#⌠#####⌠# ....# φ
### ##..# ...⌠ .#..
#.### . #+ . . . ..
# ## ...


You could see a tentacled monstrosity, 2 tentacled starspawn, a brown ugly
thing, a large abomination and 2 starspawn tentacles.

Vanquished Creatures
  An ancient lich (Abyss:5)
  A juggernaut (Depths:4)
  Bai Suzhen (Depths:1)
  Saint Roka (Vaults:3)
  A golden dragon (Depths:4)
  3 bone dragons
  Nikola (Shoals:1)
  Arachne (Spider:2)
  4 hellephants
  Jorgrun (Spider:3)
  Zenata (Elf:3)
  3 liches
  2 deep elf blademasters
  An acid blob (Slime:1)
  3 deep elf master archers (Elf:3)
  5 sphinxes
  5 tentacled starspawn
  Kirke (D:15)
  A tengu reaver (D:13)
  A storm dragon (Depths:4)
  2 rockslimes
  A shadow dragon (Abyss:4)
  A daeva (Abyss:5)
  4 fire giants
  3 frost giants
  7 vault wardens
  3 deep elf sorcerers
  A ghost moth (Spider:1)
  3 emperor scorpions (Spider:3)
  2 orc warlords (Vaults:4)
  2 draconian stormcallers (Depths:4)
  4 spectral caustic shrikes (Depths:3)
  10 very ugly things
  2 deep elf elementalists (Elf:3)
  A spriggan defender (Depths:4)
  6 ironbound preservers
  10 stone giants
  2 quicksilver oozes (Slime:1)
  7 ironbound thunderhulks
  A vampire knight (Depths:3)
  2 red draconians (Depths:4)
  A deep elf demonologist (Elf:3)
  2 black draconians (Depths:4)
  A spark wasp (Spider:1)
  A deep elf annihilator (Elf:3)
  9 dire elephants
  A minotaur (Shoals:4)
  5 ettins
  A yellow draconian (Depths:4)
  3 merfolk javelineers
  A deep elf death mage (Elf:1)
  3 merfolk impalers
  Josephine (D:14)
  2 green deaths
  8 fire dragons
  9 yaktaur captains
  3 deep elf high priests (Elf:3)
  4 great orbs of eyes
  4 ice dragons
  2 jiangshi (Depths:1)
  5 entropy weavers
  2 rakshasas (Depths:3)
  8 vault guards
  2 demonspawn (Orc:2)
  7 hydras
  10 centaur warriors
  Erica (D:8)
  2 jorogumos
  2 merfolk avatars (Shoals:1)
  8 ironbound frosthearts
  A spriggan air mage (Depths:1)
  An alligator snapping turtle (Shoals:2)
  An anaconda (shapeshifter) (Depths:1)
  10 satyrs
  22 dancing weapons
  3 merfolk aquamancers
  A two-headed ogre (D:13)
  A catoblepas (D:15)
  5 demonic crawlers
  8 deep troll earth magi
  7 death yaks (Lair:4)
  10 boulder beetles
  2 vampire magi
  7 thrashing horrors
  5 orc high priests
  2 spriggan berserkers (Depths:2)
  5 tengu warriors
  4 deep troll shamans
  8 hell hogs (Depths:4)
  14 deep elf knights
  6 hell knights
  A shadow wraith (Abyss:5)
  2 sun demons
  A sun moth (Spider:1)
  4 wretched stars
  8 iron trolls
  A sixfirhy (Abyss:5)
  A fire crab (shapeshifter) (D:13)
  A deep troll (shapeshifter) (Abyss:5)
  A death drake (shapeshifter) (Abyss:5)
  7 pharaoh ants
  3 skysharks
  29 deep trolls
  9 sea snakes
  11 lindwurms
  7 deep elf archers
  A flayed ghost (Depths:4)
  3 orb spiders
  7 harpies
  6 ironbound convokers
  11 wizards
  2 glowing orange brains
  12 orc knights
  29 deep elf zephyrmancers
  4 steelbarb worms
  6 necromancers
  An obsidian statue (Vaults:2)
  8 wolf spiders
  18 deep elf pyromancers
  9 orc sorcerers (Orc:2)
  A shining eye (Lair:5)
  11 cyclopes
  35 ugly things
  17 fauns
  A spectral deep troll (Depths:3)
  23 manticores
  2 moths of wrath
  2 oklob plants
  2 will-o-the-wisps (Abyss:5)
  Joseph (D:9)
  A worldbinder (Abyss:5)
  2 apocalypse crabs
  12 vault sentinels
  6 black mambas
  4 elephants
  3 orange demons
  6 merfolk sirens
  2 eyes of devastation
  2 naga magi (Depths:4)
  2 water nymphs (Shoals:4)
  3 molten gargoyles
  A rust devil (Abyss:5)
  2 torpor snails
  A torpor snail (shapeshifter) (Depths:1)
  4 smoke demons (Abyss:5)
  15 cane toads
  3 rime drakes
  A hellion (Abyss:5)
  6 komodo dragons
  9 yaktaurs
  A yaktaur (shapeshifter) (D:13)
  6 unseen horrors
  4 kobold demonologists
  2 ice devils (Orc:2)
  2 tengu conjurers
  A freezing wraith (D:13)
  2 efreet (Abyss:5)
  2 ancient zymes (Abyss:5)
  A merfolk (shapeshifter) (Depths:3)
  A red devil (Orc:2)
  A meliai (shapeshifter) (D:14)
  A queen bee (D:13)
  A hellwing (Orc:2)
  A queen bee (shapeshifter) (D:14)
  8 trolls
  16 merfolk
  14 hornets
  3 polar bears
  6 meliai
  29 tarantellas
  12 raiju
  3 wind drakes
  23 blink frogs
  10 snapping turtles
  Prince Ribbit (Bailey)
  17 dream sheep
  7 flying skulls
  40 slime creatures
  Sigmund (D:2)
  3 air elementals
  8 jumping spiders
  A shadow (D:12)
  2 ynoxinuls (Abyss:5)
  A slime creature (shapeshifter) (Depths:1)
  3 spriggans
  8 culicivoras
  2 fire elementals (D:14)
  15 water elementals
  8 wraiths
  6 humans (Bailey)
  A yak (shapeshifter) (D:11)
  59 yaks
  23 starcursed masses
  3 golden eyes
  8 basilisks
  3 wyverns
  A basilisk (shapeshifter) (Abyss:3)
  2 steam dragons (Lair:5)
  39 redbacks
  6 vampire mosquitoes
  7 chaos spawn
  3 neqoxecs
  22 large abominations
  7 wargs
  A naga (Depths:4)
  Edmund (D:5)
  An ogre zombie (Vaults:3)
  2 acid dragons
  Duvessa (D:6)
  4 hell hounds (Lair:5)
  8 small abominations
  13 water moccasins
  39 orc warriors
  2 ice beasts (D:5)
  5 ogres
  2 black bears
  11 wolves
  15 centaurs
  A tengu (D:9)
  2 phantoms
  4 kobold brigands
  An elf zombie (Elf:1)
  23 bullfrogs
  An earth elemental (Elf:2)
  A gnoll sergeant (D:5)
  3 scorpions
  Dowan (D:6)
  44 killer bees
  5 electric eels (D:8)
  3 howler monkeys
  2 quasits (Abyss:3)
  2 hounds (D:4)
  7 lava snakes
  2 human zombies (D:7)
  4 jellies
  40 orc priests
  Ijyb (D:3)
  A gnoll bouda (D:7)
  A sleepcap (D:5)
  Terence (D:3)
  4 iguanas (D:6)
  6 human skeletons
  18 orc wizards
  Robin (D:2)
  11 gnolls
  An adder (D:4)
  A shadow imp (D:5)
  4 white imps
  An ufetubus (Abyss:3)
  4 worms
  2 dart slugs
  100 orcs
  3 bats
  12 endoplasms
  9 giant cockroaches
  11 hobgoblins
  2 quokkas
  6 ball pythons
  3 frilled lizards
  22 goblins
  7 kobolds
  An orc zombie (D:7)
  5 rats
  8 starspawn tentacles
1680 creatures vanquished.

Vanquished Creatures (collateral kills)
  2 sphinxes (Shoals:4)
  A demonic crawler (Spider:2)
  A satyr (Shoals:4)
  A sea snake (Shoals:4)
  2 manticores (Shoals:4)
  A faun (Shoals:4)
  An ugly thing (Depths:3)
  A wind drake (Shoals:4)
  A tarantella (Spider:2)
  An iguana (D:8)
12 creatures vanquished.

Vanquished Creatures (others)
  2 liches
  A centaur warrior (D:15)
  A satyr (Shoals:4)
  A deep troll (Depths:4)
  A harpy (Shoals:4)
  A manticore (Shoals:4)
  A merfolk (Shoals:4)
  A wyvern (D:8)
  A water elemental (Elf:2)
  A redback (Spider:1)
  2 golden eyes (Abyss:5)
  A human (D:15)
  A small abomination (Abyss:5)
  A water moccasin (D:8)
  A centaur (Lair:5)
  An orc (D:9)
  12 foxfires (Abyss:5)
  23 spectral weapons
  15 starspawn tentacles
68 creatures vanquished.

Grand Total: 1760 creatures vanquished

Notes
Turn   | Place    | Note
-------+----------+-------------------------------------------
     0 | D:1      | olmar the Armataur Fighter began the quest for the Orb.
     0 | D:1      | Reached XP level 1. HP: 19/19 MP: 1/1
   149 | D:1      | Reached XP level 2. HP: 17/26 MP: 2/2
   899 | D:2      | Reached XP level 3. HP: 30/33 MP: 3/3
  1223 | D:2      | Noticed Sigmund
  1244 | D:2      | Killed Sigmund
  1245 | D:2      | Reached skill level 4 in Armour
  1245 | D:2      | Reached XP level 4. HP: 15/40 MP: 4/4
  1245 | D:2      | Reached XP level 5. HP: 18/48 MP: 5/5
  1708 | D:2      | Noticed Robin
  1711 | D:2      | Killed Robin
  1849 | D:3      | Noticed Terence
  1867 | D:3      | Killed Terence
  2086 | D:3      | You fall into a shaft and drop 3 floors!
  2093 | D:6      | Found a radiant altar of Vehumet.
  2097 | D:6      | Noticed a phantom
  2118 | D:6      | Killed a phantom
  2119 | D:6      | Reached XP level 6. HP: 43/55 MP: 6/6
  2308 | D:6      | Noticed Dowan
  2317 | D:6      | Noticed Duvessa
  2329 | D:6      | Reached skill level 5 in Armour
  2335 | D:6      | Killed Duvessa
  2336 | D:6      | Reached skill level 1 in Dodging
  2336 | D:6      | Reached XP level 7. HP: 54/63 MP: 7/7
  2344 | D:6      | Killed Dowan
  2414 | D:6      | Reached skill level 5 in Maces & Flails
  2797 | D:5      | Entered Level 5 of the Dungeon
  3083 | D:5      | Reached skill level 6 in Armour
  3083 | D:5      | Reached XP level 8. HP: 35/71 MP: 8/8
  3086 | D:5      | Found a hide-covered altar of Uskayaw.
  3225 | D:5      | Noticed Edmund
  3244 | D:5      | Killed Edmund
  3561 | D:5      | Found a shimmering blue altar of Sif Muna.
  3663 | D:5      | Found a basalt altar of Yredelemnul.
  4037 | D:4      | Noticed Warped's ghost (amateur FeFE)
  4355 | D:3      | Found a glowing golden altar of the Shining One.
  4380 | D:3      | Noticed Ijyb
  4388 | D:3      | Killed Ijyb
  4538 | D:4      | Found a transporter.
  4725 | D:4      | Reached skill level 5 in Fighting
  5118 | D:4      | Found a staircase to the Ecumenical Temple.
  5206 | Temple   | Entered the Ecumenical Temple
  5302 | Temple   | Became a worshipper of Gozag Ym Sagoz the Greedy
  5394 | D:4      | Identified the +3 hand axe "Kiptuj" {elec, rElec rPois
                  | Dex+4}
  5743 | D:6      | Reached skill level 7 in Armour
  6197 | D:7      | Reached XP level 9. HP: 36/79 MP: 3/9
  7099 | D:7      | Found a shadowy altar of Dithmenos.
  7684 | D:8      | Found a staircase to the Lair.
  7684 | D:8      | Noticed Erica
  7697 | D:8      | Reached skill level 8 in Armour
  7747 | D:8      | Reached skill level 9 in Armour
  7752 | D:8      | Reached skill level 1 in Evocations
  7760 | D:8      | Killed Erica
  7761 | D:8      | Reached XP level 10. HP: 64/89 MP: 3/10
  8162 | D:8      | Reached skill level 10 in Armour
  8176 | D:8      | Reached skill level 10 in Maces & Flails
  8323 | D:8      | Found a blossoming altar of Fedhas.
  8404 | D:8      | Found a broken altar of Ashenzari.
  8408 | D:8      | Saw a vision of the Shoals and the Spider Nest.
  8408 | D:8      | Noticed a sea snake
  8408 | D:8      | Noticed a water nymph
  8408 | D:8      | Noticed a manticore
  8408 | D:8      | Noticed a steelbarb worm
  8408 | D:8      | Noticed a pharaoh ant
  8408 | D:8      | Noticed a wolf spider
  8408 | D:8      | Noticed a wolf spider
  8408 | D:8      | Noticed a boulder beetle
  8408 | D:8      | Noticed a wolf spider
  8408 | D:8      | Noticed a wolf spider
  8409 | D:8      | Noticed an entropy weaver
  8411 | D:8      | Noticed a wolf spider
  9689 | D:9      | Noticed Joseph
  9698 | D:9      | Killed Joseph
  9713 | D:8      | Reached XP level 11. HP: 24/98 MP: 11/11
  9963 | D:8      | Reached skill level 11 in Armour
 10583 | D:9      | Noticed Maurice
 10594 | D:9      | Maurice changed into Maurice the tengu
 10594 | D:9      | Noticed Maurice
 10600 | D:9      | Killed Maurice the tengu
 10642 | D:9      | Found a sparkling altar of Nemelex Xobeh.
 10872 | D:10     | Entered Level 10 of the Dungeon
 10903 | D:10     | Found a stormy altar of Qazlal.
 10930 | D:10     | Found a snail-covered altar of Cheibriados.
 10971 | D:10     | Found a burning altar of Makhleb.
 11128 | D:10     | Found a flagged portal.
 11134 | Bailey   | Entered a bailey
 11374 | Bailey   | Noticed Prince Ribbit
 11374 | Bailey   | Noticed a vault guard
 11385 | Bailey   | Killed a vault guard
 11387 | Bailey   | Killed Prince Ribbit
 11426 | Bailey   | Noticed a vault guard
 11432 | Bailey   | Killed a vault guard
 11611 | D:10     | Found an ornate altar of the Wu Jian Council.
 11841 | D:11     | Reached skill level 12 in Armour
 11908 | D:11     | Noticed a boulder beetle
 11921 | D:11     | Killed a boulder beetle
 12073 | D:11     | Noticed a boulder beetle
 12085 | D:11     | Killed a boulder beetle
 12086 | D:11     | Reached XP level 12. HP: 80/110 MP: 12/12
 12179 | D:11     | Found Qiecituy's Weapon Shop.
 12185 | D:11     | Bought 2 datura-tipped darts for 19 gold pieces
 12858 | D:11     | Found a staircase to the Orcish Mines.
 13063 | Orc:1    | Entered Level 1 of the Orcish Mines
 13300 | Orc:1    | Noticed an orc high priest
 13314 | Orc:1    | Killed an orc high priest
 13334 | Orc:1    | HP: 5/111 [orc knight/+3 dire flail (14)]
 13878 | Orc:2    | Entered Level 2 of the Orcish Mines
 13989 | Orc:2    | Found Boeri's Jewellery Emporium.
 14020 | Orc:2    | Bought an amulet of regeneration for 480 gold pieces
 14161 | Orc:2    | Paralysed by an orc sorcerer for 3 turns
 14367 | Orc:2    | Found Gowiolacs's Distillery.
 14368 | Orc:2    | Found Dosit's Magic Scroll Shop.
 14505 | Orc:2    | Reached skill level 13 in Armour
 14517 | Orc:2    | Noticed an orc high priest
 14517 | Orc:2    | Noticed an orc high priest
 14530 | Orc:2    | Found a staircase to the Elven Halls.
 14576 | Orc:2    | Killed an orc high priest
 14581 | Orc:2    | Reached skill level 10 in Fighting
 14798 | Orc:2    | Reached XP level 13. HP: 49/120 MP: 13/13
 15178 | Orc:2    | Paralysed by an orc sorcerer for 4 turns
 15246 | Orc:2    | Upgraded the game from 0.31-a0-204-g7da18cac08 to
                  | 0.31-a0-208-gdb31a4691d
 15386 | Orc:2    | Bought a potion of ambrosia for 112 gold pieces
 15386 | Orc:2    | Bought a potion of haste for 140 gold pieces
 15386 | Orc:2    | Bought a potion of heal wounds for 70 gold pieces
 15386 | Orc:2    | Bought a potion of resistance for 140 gold pieces
 15386 | Orc:2    | Bought a potion of curing for 42 gold pieces
 15386 | Orc:2    | Bought a potion of attraction for 42 gold pieces
 15386 | Orc:2    | Bought a potion of degeneration for 14 gold pieces
 15386 | Orc:2    | Bought a potion of haste for 140 gold pieces
 15388 | Orc:2    | Bought a scroll of enchant weapon for 112 gold pieces
 15388 | Orc:2    | Bought a scroll of blinking for 112 gold pieces
 15388 | Orc:2    | Bought a scroll of identify for 30 gold pieces
 15388 | Orc:2    | Bought a scroll of noise for 15 gold pieces
 15388 | Orc:2    | Bought a scroll of vulnerability for 60 gold pieces
 15390 | Orc:2    | Bought a scroll of identify for 30 gold pieces
 15390 | Orc:2    | Identified 2 scrolls of acquirement
 15431 | Orc:2    | Acquired the ring of Roimirph {rPois rC- rN+ rCorr Stlth+}
 15437 | Orc:2    | Acquired the +2 barding of the Lost Path {Harm Str+3 Int+2
                  | Stlth-}
 15641 | Orc:2    | Found Civois's Jewellery Shoppe.
 15641 | Orc:2    | Found a one-way gate leading to the halls of Pandemonium.
 15641 | Orc:2    | Found Vocs's Antique Weapon Emporium.
 15833 | Elf:1    | Entered Level 1 of the Elven Halls
 15906 | D:12     | Found Zogulec's Armour Boutique.
 15913 | D:12     | Bought +0 gold dragon scales for 1200 gold pieces
 16024 | D:12     | Found a portal to a secret trove of treasure.
 16350 | D:12     | Reached skill level 14 in Armour
 16940 | D:13     | Found the +6 lightning scales {swift, rElec}
 16942 | D:13     | Got the Papyrus of Superposition
 17090 | D:13     | Noticed a tengu reaver
 17090 | D:13     | Noticed a sphinx
 17094 | D:13     | Noticed a sphinx
 17105 | D:13     | Found the +5 glaive of the Guard {elec, spectral, AC+5}
 17109 | D:13     | Noticed a fire giant
 17123 | D:13     | HP: 2/121 [tengu reaver/bolt of negative energy (12)]
 17361 | D:13     | Killed a tengu reaver
 17369 | D:13     | Killed a sphinx
 17370 | D:13     | Reached skill level 15 in Maces & Flails
 17375 | D:13     | Killed a sphinx
 17417 | D:13     | Reached XP level 14. HP: 130/133 MP: 14/14
 17445 | D:13     | Killed a fire giant
 17720 | D:13     | Found Bengucku's Distillery.
 17772 | D:13     | Reached skill level 15 in Armour
 17862 | D:13     | Found Gaby Bawn's Book Emporium.
 17902 | D:13     | Found Rafra's Antique Armour Boutique.
 17903 | D:13     | Found Kiawnat's Book Shop.
 18101 | D:13     | Found Eskel's Magic Scroll Shoppe.
 18151 | D:13     | Bought a scroll of butterflies for 76 gold pieces
 18151 | D:13     | Bought a scroll of identify for 38 gold pieces
 18151 | D:13     | Bought a scroll of identify for 38 gold pieces
 18151 | D:13     | Bought a scroll of revelation for 142 gold pieces
 18151 | D:13     | Bought a scroll of poison for 76 gold pieces
 18151 | D:13     | Bought a scroll of poison for 76 gold pieces
 18355 | D:13     | Bought a potion of haste for 160 gold pieces
 18355 | D:13     | Bought a potion of haste for 160 gold pieces
 18510 | D:14     | Noticed Josephine
 18512 | D:14     | Killed Josephine
 18778 | D:14     | Found an opulent altar of Gozag.
 19369 | D:14     | Found a gate to the Vaults.
 19552 | Lair:1   | Entered Level 1 of the Lair of Beasts
 19701 | Lair:1   | Reached skill level 16 in Armour
 19915 | Lair:1   | Identified the +10 mace "Rireniur" {freeze, rC+}
 21077 | Lair:2   | Found a hole to the Spider Nest.
 21104 | Lair:2   | You fall into a shaft and drop 1 floor!
 21623 | Lair:3   | Reached XP level 15. HP: 144/144 MP: 15/15
 21782 | Lair:3   | Found a staircase to the Shoals.
 22238 | Lair:4   | Reached skill level 17 in Armour
 22858 | Lair:5   | Entered Level 5 of the Lair of Beasts
 23031 | Lair:5   | Found a radiant altar of Vehumet.
 23719 | Lair:5   | Found a staircase to the Slime Pits.
 23797 | Lair:5   | Identified the ring of Bacoung {rC+++ MP+9 Str-3 Int+4
                  | Dex-4}
 24197 | Lair:5   | Found a large runed translucent door.
 24198 | Lair:5   | Found a large runed translucent door.
 24954 | Lair:5   | Identified the +2 quarterstaff of the Crypt {heavy, rElec
                  | rC+ Stlth-}
 25096 | Slime:1  | Entered Level 1 of the Pits of Slime
 25142 | Slime:1  | Noticed an acid blob
 25149 | Slime:1  | Killed an acid blob
 25150 | Slime:1  | Noticed a rockslime
 25160 | Slime:1  | Gained mutation: Your spells are a little easier to cast,
                  | but a little less powerful. [a shining eye]
 25169 | Slime:1  | Killed a rockslime
 25169 | Slime:1  | Noticed an acid blob
 25171 | Slime:1  | Noticed a rockslime
 25174 | Slime:1  | Gained mutation: You occasionally lose the ability to read
                  | scrolls when taking damage. [a shining eye]
 25491 | Elf:1    | Paralysed by an air elemental for 1 turns
 25504 | Elf:1    | Reached skill level 18 in Armour
 25649 | Elf:1    | Reached XP level 16. HP: 153/157 MP: 16/16
 26064 | Elf:1    | Found Seecur's Jewellery Emporium.
 26438 | Elf:1    | Got Xyichi's Elucidation of Abominable Ceremonies
 26588 | Elf:2    | Found Ifullezi's Antique Weapon Boutique.
 26716 | Elf:2    | Reached skill level 15 in Fighting
 26809 | Elf:2    | Paralysed by an air elemental for 1 turns
 26814 | Elf:2    | Paralysed by an air elemental for 1 turns
 27160 | Elf:2    | Found Nutetzav's CLEARANCE SALE!.
 27168 | Elf:2    | Bought a scroll of identify for 4 gold pieces
 27238 | Elf:2    | Found a runed translucent gate.
 27239 | Elf:2    | Found a runed translucent gate.
 27239 | Elf:2    | Found a runed translucent gate.
 27334 | Elf:2    | Upgraded the game from 0.31-a0-208-gdb31a4691d to
                  | 0.31-a0-210-gccc998df9b
 27575 | Elf:2    | Noticed a deep elf blademaster
 27576 | Elf:2    | Reached skill level 19 in Armour
 27790 | Elf:2    | Killed a deep elf blademaster
 28114 | Elf:3    | Entered Level 3 of the Elven Halls
 28273 | Elf:3    | Found Benam's Distillery.
 28279 | Elf:3    | Noticed a deep elf blademaster
 28280 | Elf:3    | Bought a potion of experience for 700 gold pieces
 28280 | Elf:3    | Reached skill level 5 in Evocations
 28280 | Elf:3    | Reached XP level 17. HP: 149/169 MP: 17/17
 28280 | Elf:3    | Reached XP level 18. HP: 156/177 MP: 18/18
 28306 | Elf:3    | Noticed Zenata
 28317 | Elf:3    | Killed Zenata
 28318 | Elf:3    | Reached skill level 20 in Armour
 28339 | Elf:3    | Bought a potion of cancellation for 112 gold pieces
 28339 | Elf:3    | Bought a potion of curing for 42 gold pieces
 28339 | Elf:3    | Bought a potion of curing for 42 gold pieces
 28339 | Elf:3    | Bought a potion of mutation for 112 gold pieces
 28768 | Elf:3    | Reached XP level 19. HP: 165/184 MP: 19/19
 29175 | D:15     | Entered Level 15 of the Dungeon
 29434 | D:15     | Noticed Kirke
 29449 | D:15     | Killed Kirke
 29568 | D:15     | Noticed Bekuax's ghost (journeyman DgVM)
 29573 | D:15     | Found a transporter.
 29580 | D:15     | Found a transporter.
 29897 | D:15     | Found a staircase to the Depths.
 30121 | Depths:1 | Entered Level 1 of the Depths
 30130 | Depths:1 | Found a gateway to Hell.
 30377 | Depths:1 | Found a one-way gateway to a ziggurat.
 30701 | Depths:1 | Found Enasem's Jewellery Shoppe.
 30708 | Depths:1 | Bought the amulet "Oluotwin" {Spirit Contam rElec Regen+
                  | Str+5} for 929 gold pieces
 30964 | Depths:1 | Reached skill level 1 in Unarmed Combat
 31000 | Depths:2 | Found a basalt altar of Yredelemnul.
 31015 | Depths:2 | Found a corrupted altar of Lugonu.
 31158 | Depths:2 | Noticed Bai Suzhen
 31174 | Depths:1 | Killed Bai Suzhen
 31441 | Depths:2 | Found a one-way gate to the infinite horrors of the Abyss.
 31493 | Depths:2 | Found a transporter.
 31498 | Depths:2 | Noticed Tourr's ghost (veteran HuIE)
 31499 | Depths:2 | Noticed a caustic shrike
 31502 | Depths:2 | Noticed a caustic shrike
 31513 | Depths:2 | Found a transporter.
 31554 | Depths:2 | Found Riaga's Magic Scroll Shop.
 31575 | Depths:2 | Reached skill level 21 in Armour
 31718 | Depths:2 | Found a hide-covered altar of Uskayaw.
 32466 | Depths:3 | Identified the +0 robe of Geb Ziuc {-Cast Fly rPois rF++}
 32470 | Depths:3 | Found a hazy altar of Hepliaklqana.
 32643 | Depths:3 | Found a shadowy altar of Dithmenos.
 33711 | Depths:3 | Reached XP level 20. HP: 196/196 MP: 20/20
 33882 | Depths:3 | Got the Compendium of Plutonic Pestilence
 34070 | Depths:3 | Found Metu's Jewellery Shoppe.
 34070 | Depths:3 | Found Ysigiss's Book Boutique.
 34071 | Depths:3 | Found Jonytup's Jewellery Shoppe.
 34101 | Depths:4 | Entered Level 4 of the Depths
 34140 | Depths:4 | Reached skill level 22 in Armour
 34183 | Depths:4 | Noticed a bone dragon
 34200 | Depths:4 | Killed a bone dragon
 34769 | Spider:1 | Entered Level 1 of the Spider Nest
 35718 | Spider:1 | You fall into a shaft and drop 1 floor!
 36177 | Spider:2 | Noticed Arachne
 36198 | Spider:2 | Killed Arachne
 37275 | Depths:4 | Found Itin's Serpentskin Sales.
 37417 | Depths:4 | Noticed a juggernaut
 37455 | Depths:4 | Killed a juggernaut
 37456 | Depths:4 | Reached skill level 23 in Armour
 37787 | Depths:4 | Noticed a golden dragon
 37799 | Depths:4 | Killed a golden dragon
 37924 | Depths:4 | Found a gate to the Realm of Zot.
 39446 | Shoals:1 | Entered Level 1 of the Shoals
 39469 | Shoals:1 | Reached XP level 21. HP: 193/208 MP: 18/21
 39993 | Shoals:1 | Noticed Nikola
 40022 | Shoals:1 | Killed Nikola
 40381 | Shoals:2 | Reached skill level 5 in Shields
 40398 | Shoals:2 | Identified the +0 hand axe "Basof" {freeze, rElec Str+4
                  | Int-2 Dex+3}
 40651 | Shoals:2 | Found the brooch of Shielding {Spirit SH+8}
 40814 | Shoals:2 | Found Cimecsuf's Jewellery Boutique.
 41706 | Shoals:4 | Entered Level 4 of the Shoals
 41736 | Shoals:3 | Reached skill level 24 in Armour
 42321 | Shoals:4 | Identified the +6 halberd of Busol {spect, Str+4 Int+7
                  | Dex-4}
 42750 | Shoals:4 | Identified the +7 trident "Dragon's Tongue" {venom, rN+
                  | SInv}
 42886 | Shoals:4 | Got a barnacled rune of Zot
 42961 | Shoals:4 | Identified the +1 robe of Terror {Int+6}
 43172 | Shoals:4 | Bought a steaming flail for 204 gold pieces
 43172 | Shoals:4 | Identified the +5 flail of Hamadum {spect, Drain +Blink
                  | Int+5 Dex+3} (You bought it in a shop on level 4 of the
                  | Shoals)
 43176 | Shoals:4 | Bought the +7 sceptre of Torment {pain, torment} for 2640
                  | gold pieces
 43176 | Shoals:4 | Found the +7 sceptre of Torment {pain, torment}
 43342 | Lair:5   | Gained mutation: Potions are less effective at restoring
                  | your health. [a shining eye]
 43930 | Spider:3 | Noticed Jorgrun
 43941 | Spider:3 | Killed Jorgrun
 44659 | Vaults:1 | Entered Level 1 of the Vaults
 45608 | Vaults:1 | Reached XP level 22. HP: 208/223 MP: 19/22
 45995 | Vaults:2 | Found Remooff's Jewellery Emporium.
 46704 | Abyss:3  | Cast into level 3 of the Abyss (a wizard)
 46774 | Abyss:3  | Found a corrupted altar of Lugonu.
 46847 | Abyss:3  | Paralysed by accursed screaming for 1 turns
 47042 | Vaults:2 | Escaped the Abyss
 47895 | Vaults:3 | Identified the +7 chain mail of Vlad {Dex+5}
 48125 | Vaults:3 | Reached skill level 25 in Armour
 48246 | Vaults:3 | Noticed Saint Roka
 48258 | Vaults:3 | Reached skill level 1 in Necromancy
 48267 | Vaults:3 | Killed Saint Roka
 48416 | Vaults:3 | Found a staircase to the Crypt.
 48416 | Vaults:3 | Found an ancient bone altar of Kikubaaqudgha.
 48416 | Vaults:3 | Found a basalt altar of Yredelemnul.
 48688 | Vaults:4 | Reached skill level 10 in Shields
 49050 | Vaults:4 | Identified the +7 flail of Defiance {flame, Int+3}
 49070 | Abyss:4  | Cast into level 4 of the Abyss (a wizard)
 49143 | Abyss:5  | Reached XP level 23. HP: 68/233 MP: 10/23
 49235 | Abyss:5  | Gained mutation: Your spells are easier to cast, but less
                  | powerful. [a neqoxec]
 49239 | Abyss:5  | Gained mutation: You are dopey. (Int -2) [a neqoxec]
 49420 | Abyss:5  | Paralysed by accursed screaming for 1 turns
 49499 | Abyss:5  | Gained mutation: You are weak. (Str -2) [a neqoxec]
 49512 | Abyss:5  | Noticed an ancient lich
 49518 | Abyss:5  | HP: 11/233 [starcursed mass/accursed screaming (8)]
 49520 | Abyss:5  | Paralysed by accursed screaming for 1 turns
 49523 | Abyss:5  | HP: 6/233 [starcursed mass (1)]
 49686 | Abyss:5  | Reached skill level 5 in Necromancy
 49775 | Abyss:5  | Noticed a dread lich
 49789 | Abyss:5  | Noticed an ancient lich
 49813 | Abyss:5  | Killed an ancient lich
 49863 | Abyss:6  | Blown up by a lich

Illustrated notes

Levels and vault maps discovered:
D:1:      dpeg_arrival_arbitrary_a, layout_loops_ring, minmay_tromino_v4_a
D:2:      layout_basic, kennysheep_small_spiral, uniq_sigmund, uniq_robin
D:3:      layout_loops_cross, lemuel_round_altar, uniq_terence, uniq_ijyb
D:4:      layout_layer_cave, temple_statues, gammafunk_ghost_smash,
          amcnicky_mini_corridor_feature, minmay_goblin_outpost
D:5:      layout_loops_ring, mainiacjoe_overflow_tiny_flanked,
          overflow_temple_1_default, lemuel_blue_sif_altar,
          nicolae_underground_beach, uniq_edmund
D:6:      layout_loops_ring, nicolae_vehumet_radiance, uniq_duvessa
D:7:      layout_basic, mainiacjoe_overflow_paths,
          nicolae_ossuary_entry_catacombs
D:8:      layout_basic, fedhas_altar_4, grunt_ashenzari_visionary
          [grunt_ashenzari_visionary_shoals, grunt_ashenzari_visionary_spider],
          minmay_lair_entry_grove, serial_bayou, serial_bayou_shore_b,
          serial_bayou_pond_b, serial_bayou_pond_e, serial_bayou_shore_a,
          minmay_misc_feat_room, uniq_erica
D:9:      layout_rooms, nemelex_xobeh_ov_fountains_minmay, grunt_potential,
          uniq_joseph, uniq_maurice
D:10:     layout_cave_pools, cheibriados_altar_1,
          mainiacjoe_overflow_surrounded_room, lemuel_round_altar,
          pf_just_have_faith, enter_bailey_3
D:11:     layout_roguey, david_orc_1_choice, serial_shops, shop
D:12:     layout_basic, nicolae_trove_entry_isolated, serial_shops, shop
D:13:     minmay_guarded_unrand_guard, layout_basic, serial_shops, shop,
          nicolae_shop_tiny_glass, shop, nicolae_book_shop_shelving, shop,
          special_room [special_room_bee]
D:14:     layout_roguey, david_vaults_4, kennysheep_boxes,
          grunt_gozag_breadcrumbs, uniq_josephine
D:15:     grunt_enter_depths_snipers, layout_basic, nzn_ghost_randoct,
          amethyst_killhole, uniq_kirke
Temple:   nicolae_temple_figure_zero
Lair:1:   layout_small_grid
Lair:2:   layout_cave_pods, spider_nest_entry_webs, serial_bayou_ford_a,
          minmay_lair_oklob_bushes
Lair:3:   layout_chaotic_city, elwin_shoals_entry_stream
Lair:4:   layout_loops_ring, grunt_megastairs_4
Lair:5:   cheibrodos_lair_end_hotspot, layout_big_grid,
          nicolae_slime_entry_slimehenge, lemuel_centaur_altar
Shoals:1: layout_shoals, uniq_nikola
Shoals:2: layout_shoals, serial_shops, shop
Shoals:3: argonaut_golden_fleece, layout_shoals
Shoals:4: shoals_end_hellmonk_lost_city
Spider:1: layout_cave_pods, hangedman_spider_tarantella_strand
Spider:2: layout_spider_delve, uniq_arachne
Spider:3: spiders_nest_scorpion_pit, uniq_jorgrun
Slime:1:  layout_caves, cheibrodos_slime_lost_civilization_7
Orc:1:    layout_caves, serial_shops, minmay_orc_temple_c
Orc:2:    pf_orc_diabolical, layout_caves, serial_shops, shop
Elf:1:    nicolae_elf_arrival_aired_out, layout_loops_cross, serial_shops,
          nicolae_shop_gaudy_bauble, minmay_elf_necromancy, grunt_ministairs_14,
          statue_in_the_mist_lemuel
Elf:2:    nicolae_elf_blades_crystal_corner, layout_onion_city, serial_shops,
          nicolae_shop_tiny_real_fake_doors, nicolae_shop_clearance
Elf:3:    minmay_elf_hall_dome, layout_rooms, serial_shops, shop,
          nicolae_elf_martial_mastery, uniq_zenata
Vaults:1: nicolae_vaults_closet_pinwheel_3, nicolae_vaults_more_shelving_2,
          hangedman_vaults_cutoff, vaults_standard_mumra_x,
          nicolae_vaults_diamond_1, nicolae_vaults_sightless_eye,
          vaults_dpeg_cross, vaults_dpeg_hooks, layout_vaults_omnigrid
Vaults:2: v_pattern_2, nicolae_vaults_statue_guard,
          ontoclasm_vaults_ring_square, nicolae_vaults_layer_cake_slice,
          nicolae_vaults_mini_display_case, nicolae_vaults_surprise_closet,
          nicolae_vaults_lightning_bolt, nicolae_vaults_theta,
          nicolae_vaults_diamond_2, vaults_room_hallway,
          nicolae_vaults_closet_pinwheel_3, hangedman_vaults_unwind,
          v_alt_pattern_2, layout_vaults_maze_snakey, serial_shops,
          nicolae_shop_crystal
Vaults:3: nicolae_vaults_border_crossing, minmay_crypt_entry_necro_gods,
          nicolae_vaults_house_1, nicolae_vaults_turnstiles,
          hangedman_vaults_stretched_pinwheel, nicolae_vaults_little_squares_4,
          v_misc_8, nicolae_vaults_antechamber_and_loot_room, v_misc_13,
          nicolae_vaults_surprise_closet, vaults_dpeg_ring, v_misc_4,
          hangedman_vaults_cutoff, layout_vaults_omnibox, uniq_saint_roka
Vaults:4: hangedman_vaults_capsules, nicolae_vaults_layer_cake_slice, v_misc_18,
          nicolae_vaults_little_squares_1, hangedman_vaults_stream,
          ontoclasm_vaults_twist, ontoclasm_vaults_decontamination,
          hangedman_vaults_trim, vaults_standard_mumra_lines,
          nicolae_vaults_prndl, vaults_dpeg_diagonal, vaults_room_pool,
          vaults_room_door_hall, layout_vaults_big_room, serial_shops,
          nicolae_shop_real_fake_doors
Depths:1: layout_honeycomb, enter_ziggurat_a, hell_entry, serial_shops,
          nicolae_shop_crystal, minmay_splitting_lines, kennysheep_just_a_vault
Depths:2: nicolae_moon_pools, layout_cave_pools,
          nicolae_uskayaw_murder_on_the_dancefloor,
          gammafunk_ghost_berserking_beasts, hell_entry, serial_shops,
          nicolae_shop_just_a_little_nook, abyss_entry_flame_altar,
          rand_demon_pan_entry_5, yredelemnul_altar_generic, uniq_bai_suzhen
Depths:3: kennysheep_six_static_rooms, layout_long_grid,
          nicolae_dithmenos_the_darkroom, minmay_room_of_horrors,
          pf_hell_entry_tar_river, nicolae_hepliaklqana_monster_ancestors,
          minmay_shop_grove
Depths:4: evilmike_zot_entry_round, layout_gridville, grunt_hell_horde,
          marbit_kobold_abyss_entry, minmay_misc_feat_tiny, guppyfry_shop_venom
Abyss:6:  base: Vaults:4, hangedman_decor_points,
          evilmike_nicolae_abyss_rune_betentacled_crabyss,
          evilmike_nicolae_abyss_rune_betentacled_crabyss,
          hangedman_summoners_spam, hangedman_elemental_corridor,
          hangedman_steaming_rock

Skill      XL: |  1  2  3  4  5  6  7  8  9 10 11 12 13 14 15 16 17 18 19 20 21 22 23 |
---------------+----------------------------------------------------------------------+-----
Maces & Flails | 2 3 4 5 7 9 10 12 14 15 16 17 18 19 20 21 | 21.8
Fighting       | 3 4 5 6 7 8 10 11 13 14 16 17 18 19 20 21 | 21.0
Armour         | 4 5 6 7 9 10 12 13 14 16 18 19 20 21 23 24 25 | 25.4
Shields        | 4 7 10 | 10.9
Dodging        | 1 2 3 |  3.7
Evocations     | 1 2 3 5 6 |  6.8
Unarmed Combat | 1 |  1.2
Necromancy     | 4 5 |  5.4
Throwing       | |  0.4
Stealth        | |  0.8

Action                     |  1- 3 |  4- 6 |  7- 9 | 10-12 | 13-15 | 16-18 | 19-21 | 22-24 || total
---------------------------+-------+-------+-------+-------+-------+-------+-------+-------++-------
  Melee: Flail             |    87 |    83 |    97 |       |       |       |       |       ||   267
         Tailslap          |     4 |     7 |    51 |   114 |   196 |    45 |   415 |   167 ||   999
         Dire flail        |       |       |   293 |   754 |  1053 |   368 |  1093 |       ||  3561
         Unarmed           |       |       |       |       |       |       |     6 |       ||     6
         Demon whip        |       |       |       |       |       |       |   849 |       ||   849
         Eveningstar       |       |       |       |       |       |       |   210 |   851 ||  1061
  Throw: Boomerang         |       |     1 |    12 |     5 |     3 |       |       |       ||    21
         Throwing net      |       |       |     1 |       |       |       |       |       ||     1
         Dart              |       |       |       |       |     4 |     1 |       |       ||     5
 Invoke: Potion Petition   |       |       |     1 |     2 |     1 |       |     1 |     2 ||     7
         Call Merchant     |       |       |       |       |       |       |     3 |       ||     3
  Evoke: Wand              |       |       |     6 |     7 |    10 |     1 |    56 |     5 ||    85
         Box of beasts     |       |       |       |       |       |       |       |     1 ||     1
    Use: Scroll            |     1 |     2 |     4 |     8 |    14 |     3 |     7 |     6 ||    45
         Potion            |     1 |     2 |     5 |     3 |     2 |     5 |    15 |    14 ||    47
   Stab: Distracted        |       |       |     2 |     9 |    14 |     8 |    17 |     8 ||    58
         Invisible         |       |       |     2 |    16 |       |       |     6 |       ||    24
         Held in net/web   |       |       |       |       |     1 |       |       |       ||     1
         Sleeping          |       |       |       |       |       |       |     4 |       ||     4
 Armour: Scale mail        |    30 |    28 |     7 |       |       |       |       |       ||    65
         Skin              |     7 |    17 |     7 |       |       |       |       |       ||    31
         Chain mail        |       |       |   224 |   290 |    70 |       |       |       ||   584
         Gold dragon scale |       |       |       |       |   592 |   192 |  2059 |   620 ||  3463
  Dodge: Dodged            |    29 |    20 |   131 |   199 |   103 |    15 |   415 |   115 ||  1027
         Repelled          |       |       |       |       |       |       |     9 |     2 ||    11
  Block: Buckler           |    11 |    16 |    20 |       |       |       |       |       ||    47
         Other             |       |       |       |    56 |       |       |       |       ||    56
         Reflection        |       |       |       |     6 |       |       |       |       ||     6
         Kite shield       |       |       |       |       |       |       |   329 |   164 ||   493
         Tower shield      |       |       |       |       |       |       |       |   255 ||   255

Table legend: (Time is in decaauts)
 A = Elapsed time spent in this place.
 B = Non-inter-level travel time spent in this place.
 C = Inter-level travel time spent in this place.
 D = Time resting spent in this place.
 E = Time spent auto-exploring this place.
 F = Levels seen in this place.
 G = Mean time per level.
                   A        B        C        D        E       F      G
               +--------+--------+--------+--------+--------+-----+--------+
         Total |  46496 |  43048 |   3448 |   5851 |  27205 |  48 |  968.7 |
       Dungeon |  17516 |  15976 |   1540 |   1820 |  10997 |  15 | 1167.7 |
        Temple |    134 |    127 |      7 |      0 |    117 |   1 |  134.0 |
          Lair |   5652 |   5012 |    640 |    748 |   3399 |   5 | 1130.4 |
        Shoals |   3258 |   3146 |    112 |    283 |   1911 |   4 |  814.5 |
   Spider Nest |   2776 |   2591 |    185 |    323 |   1688 |   3 |  925.3 |
    Slime Pits |     71 |     71 |      0 |      0 |     14 |   1 |   71.0 |
  Orcish Mines |   2670 |   2550 |    120 |    978 |    984 |   2 | 1335.0 |
   Elven Halls |   3171 |   2997 |    174 |    401 |   1828 |   3 | 1057.0 |
        Vaults |   3738 |   3600 |    138 |      5 |   2892 |   4 |  934.5 |
        Depths |   6111 |   5583 |    528 |   1149 |   3039 |   4 | 1527.8 |
         Abyss |   1029 |   1029 |      0 |    140 |     97 |   5 |  205.8 |
        Bailey |    365 |    365 |      0 |      0 |    236 |   1 |  365.0 |
               +--------+--------+--------+--------+--------+-----+--------+

Top non-repeatable levels by time:
     D:8: 2374 daAuts
  Lair:5: 2274 daAuts
Depths:4: 1973 daAuts
Depths:3: 1931 daAuts
   Orc:2: 1880 daAuts
     D:7: 1586 daAuts
   Elf:2: 1461 daAuts
    D:11: 1399 daAuts
    D:13: 1369 daAuts
Spider:1: 1355 daAuts
Vaults:1: 1221 daAuts
     D:5: 1194 daAuts
    D:12: 1191 daAuts
Depths:2: 1174 daAuts
Vaults:2: 1153 daAuts
